 Dungeon Crawl Stone Soup version 0.29.1-15-g9cfb28693d (webtiles) character file.

Game seed: 10388088114887102455

631 manyhoops the Sneak (level 7, -2/45 HPs)
             Began as an Octopode Transmuter on Apr 11, 2023.
             Was an Initiate of Gozag.
             Slain by an orc warrior
             ... wielding a +0 short sword
              (15 damage)
             ... on level 4 of the Dungeon.
             The game lasted 00:05:25 (4178 turns).

manyhoops the Sneak (Octopode Transmuter)           Turns: 4178, Time: 00:05:27

Health: -2/45      AC:  2    Str: 12    XL:     7   Next: 48%
Magic:  5/11       EV: 19    Int: 21    God:    Gozag
Gold:   333        SH:  0    Dex: 17    Spells: 5/11 levels left

rFire   . . .      SeeInvis .     - Unarmed
rCold   . . .      Faith    .   (shield currently unavailable)
rNeg    . . .      Spirit   .   (helmet currently unavailable)
rPois   x          Reflect  .   (no amulet)
rElec   .          Harm     .   d - +6 ring of intelligence
rCorr   .          Rampage  .   (no ring)
Will    .....                   (no ring)
Stlth   +++.......              (no ring)
HPRegen 0.15/turn               (no ring)
MPRegen 0.12/turn               (no ring)
                                (no ring)
                                (no ring)

@: spider-form
A: venomous fangs, almost no armour, (amphibious), 8 rings, tiny, (camouflage
1), (gelatinous body 1), (nimble swimmer 1), (tentacles)
a: End Transformation, Renounce Religion, Potion Petition, Call Merchant, Bribe
Branch


You were on level 4 of the Dungeon.
You worshipped Gozag.
Gozag was aware of your devotion.
You were a venomous arachnid creature.
You visited 1 branch of the dungeon, and saw 4 of its levels.

You collected 398 gold pieces.
You paid 65 gold pieces to Gozag.

Inventory:

Missiles
 c - 9 poisoned darts
Jewellery
 d - a +6 ring of intelligence (left front leg)
Scrolls
 e - a scroll of teleportation
 f - a scroll of magic mapping {unknown}
 g - a scroll of butterflies
 i - a scroll of poison
 j - a scroll of amnesia {unknown}
 k - a scroll of vulnerability
 l - a scroll of immolation {unknown}
 m - 2 scrolls of identify
 n - a scroll of summoning {unknown}
 q - a scroll of enchant weapon {unknown}
Potions
 a - a potion of degeneration
 b - a potion of mutation {unknown}
 h - 4 potions of curing
 o - a potion of ambrosia {unknown}
 p - a potion of haste


   Skills:
 - Level 2.4 Fighting
 - Level 2.0 Dodging
 - Level 5.5 Stealth
 - Level 4.9 Unarmed Combat
 * Level 2.9 Spellcasting
 + Level 3.5 Transmutations
 - Level 3.3 Poison Magic


You had 5 spell levels left.
You knew the following spells:

 Your Spells              Type           Power      Damage    Failure   Level
a - Beastly Appendage     Tmut           36%        N/A       11%         1
b - Wereblood             Tmut           18%        N/A       14%         2
c - Spider Form           Tmut/Pois      17%        N/A       24%         3

Your spell library contained the following spells:

 Spells                   Type           Power      Damage    Failure   Level
 Ice Form                 Ice/Tmut       10%        N/A       75%         4
 Freezing Cloud           Conj/Ice/Air   1%         6-21      99%         5
 Polar Vortex             Ice            1%         N/A       100%        9
 Simulacrum               Ice/Necr       Unusable   N/A       N/A         6

Dungeon Overview and Level Annotations

Branches:
Dungeon (4/15)
 Temple: D:4-7

Altars:
Gozag

Shops:
D:4 (


Innate Abilities, Weirdness & Mutations

You are a venomous arachnid creature.
You have poisonous fangs.
You are tiny and dextrous.
Your spellcasting is less reliable in this form.
Your armour is entirely melded.
You are incapable of wielding weapons or throwing items.
You cannot wear most types of armour.
((You are amphibious.))
You can wear up to eight rings at the same time.
((Your skin changes colour to match your surroundings (Stealth+).))
((Your rubbery body absorbs attacks. (AC +1, EV +1)))
((You are camouflaged when in or above water. (Stealth+)))
((You have tentacles for arms and can constrict up to eight enemies at once.))


Message History

The orc warrior is poisoned.
The orc warrior is moderately wounded.
Your transformation has ended.
The orc warrior hits you with a +0 short sword.
You tentacle-slap the orc warrior but do no damage.
You grab the orc warrior.
The orc warrior is moderately wounded.
You constrict the orc warrior, but do no damage.
The orc warrior barely misses you.
Unknown command.
Casting: Wereblood (safe; 4% risk of failure)
Confirm with . or Enter, or press ? or * to list all spells.
You turn into a venomous arachnid creature.
You lose your grip on the orc warrior.
The orc warrior hits you with a +0 short sword!
Unknown command.
You hit the orc warrior.
The orc warrior looks as sick as possible!
The orc warrior is moderately wounded.
The orc warrior closely misses you.
You hit the orc warrior but do no damage.
The orc warrior is moderately wounded.
You hit the orc warrior but do no damage.
The orc warrior looks as sick as possible!
The orc warrior is heavily wounded.
You barely miss the orc warrior.
The orc warrior is heavily wounded.
The orc warrior hits you with a +0 short sword!
You barely miss the orc warrior.
The orc warrior is heavily wounded.
The orc wizard hits you with a +0 dagger.
The orc warrior barely misses you.
Unknown command.
You hit the orc warrior but do no damage.
The orc warrior is severely wounded.
The orc wizard hits you with a +0 dagger.
* * * LOW HITPOINT WARNING * * *
The orc warrior hits you with a +0 short sword!
You die...
Your body crumbles into a pile of gold.

.........# #..
#+#+####### #..
#.#+### ### ###.....#
#### # ...(... #...
##[##..... #.##
#......#.# #oo#.#
#....#s..#
#......##..##########
#...... #............
....#.o
##.....##########
....... #.###.#
#...... #.....: #.#
#.# #.####. g# ...#
#.###.####.#....
..#.....##.#.##.
.##........#....


You could see an orc warrior (extremely poisoned) and an orc wizard.

Vanquished Creatures
  A black bear (D:4)
  An ogre (D:4)
  A centaur (D:3)
  A necrophage (D:3)
  An orc priest (D:4)
  An iguana (D:4)
  An orc wizard (D:4)
  8 adders
  8 gnolls (D:4)
  3 dart slugs (D:1)
  3 orcs (D:4)
  9 ball pythons
  10 endoplasms
  6 giant cockroaches
  8 goblins
  8 hobgoblins
  3 quokkas
  2 bats (D:2)
  10 frilled lizards
  7 kobolds
  2 rats (D:1)
94 creatures vanquished.

Notes
Turn   | Place    | Note
-------+----------+-------------------------------------------
     0 | D:1      | manyhoops the Octopode Transmuter began the quest for the
                  | Orb.
     0 | D:1      | Reached XP level 1. HP: 13/13 MP: 3/3
   198 | D:1      | Reached XP level 2. HP: 14/18 MP: 5/5
   549 | D:1      | Reached XP level 3. HP: 17/24 MP: 6/6
   759 | D:1      | Learned a level 2 spell: Wereblood
   832 | D:1      | Found a faded altar of an unknown god.
  1221 | D:2      | Reached XP level 4. HP: 29/29 MP: 3/7
  2341 | D:3      | Learned a level 3 spell: Spider Form
  2378 | D:3      | Reached XP level 5. HP: 34/35 MP: 6/8
  2437 | D:3      | Reached skill level 1 in Poison Magic
  2538 | D:3      | Noticed a centaur
  2551 | D:3      | Killed a centaur
  2873 | D:3      | Found an opulent altar of Gozag.
  2911 | D:3      | Became a worshipper of Gozag Ym Sagoz the Greedy
  2953 | D:3      | Reached XP level 6. HP: 40/41 MP: 7/9
  3028 | D:4      | Noticed a black bear
  3111 | D:4      | Reached skill level 1 in Stealth
  3124 | D:4      | Reached skill level 2 in Stealth
  3281 | D:4      | Reached skill level 4 in Stealth
  3364 | D:4      | Reached XP level 7. HP: 25/45 MP: 8/10
  3514 | D:4      | Reached skill level 5 in Stealth
  3658 | D:4      | Found Sugewoes's Weapon Shoppe.
  4178 | D:4      | Slain by an orc warrior

Illustrated notes

Levels and vault maps discovered:
D:1:      dpeg_arrival_rooms_c, layout_rooms,
          shapermc_ecumenical_altar_mp_ritualfount
D:2:      minmay_diamond_boxcup, layout_rooms, nicolae_figureground_pulse
D:3:      layout_rooms, nicolae_gozag_cash_rules_everything_around_me
D:4:      layout_basic, serial_shops, nicolae_shop_window_shopping,
          minmay_manual_moon

Skill      XL: |  1  2  3  4  5  6  7 |
---------------+----------------------+-----
Unarmed Combat | 4 |  4.9
Fighting       | 2 |  2.4
Poison Magic   | 3 |  3.3
Transmutations | 3 |  3.5
Stealth        | 4 5 |  5.5
Dodging        | |  2.0
Spellcasting   | |  2.9

Action                   |  1- 3 |  4- 6 |  7- 9 || total
-------------------------+-------+-------+-------++-------
Melee: Unarmed           |    64 |   104 |    42 ||   210
       Tentacles         |    11 |     7 |       ||    18
       Constrict         |    15 |    10 |     1 ||    26
       Kick              |    18 |    12 |       ||    30
       Punch             |     2 |     2 |       ||     4
 Cast: Beastly Appendage |    15 |    18 |       ||    33
       Wereblood         |     2 |     4 |     2 ||     8
       Spider Form       |       |     6 |     8 ||    14
  Use: Potion            |     1 |     2 |     1 ||     4
       Scroll            |       |     4 |     1 ||     5
 Stab: Sleeping          |     3 |     3 |     1 ||     7
Armor: Skin              |     8 |    15 |     1 ||    24
Dodge: Dodged            |    20 |    65 |    30 ||   115
